 Dungeon Crawl Stone Soup version 0.14-a0-2564-g94087c3 (webtiles) character file.

202 Herrn the Skirmisher (level 5, -3/43 HPs)
             Began as a Djinni Fighter on Feb 11, 2014.
             Killed by nerve-wracking pain
             ... invoked by an orc priest
              (8 damage)
             ... on Level 2 of the Dungeon.
             The game lasted 00:08:37 (1844 turns).

Herrn the Skirmisher (Djinni Fighter)               Turns: 1844, Time: 00:08:37

HP  -3/43        AC 11     Str 21      XL: 5   Next:  3%
MP   0/0         EV  3     Int 14      God:
Gold 60          SH 19     Dex 14      Spells:  0 memorised,  4 levels left

rFire  + + +     SeeInvis .     a - +0 falchion
rCold  x . .     Clarity  .     g - +0 plate armour
rNeg   + + +     Conserve .     c - +0 shield
rPois  .         rCorr    .     (no helmet)
rElec  .         rRot     .     (no cloak)
SustAb . .       Spirit   .     (no gloves)
rMut   .         Warding  .     (boots unavailable)
Saprov . . .     Stasis   .     (no amulet)
MR     .....                    (no ring)
                                l - +6 ring of intelligence

@: mighty, flying, not resistant to hostile enchantments, extremely unstealthy
A: fire immunity, cold vulnerability, life protection 3
a: no special abilities


You were on level 2 of the Dungeon.
You were not hungry.

You visited 1 branch of the dungeon, and saw 3 of its levels.

You collected 60 gold pieces.

Inventory:

Hand weapons
 a - a +0,+0 falchion (weapon)
Armour
 c - a +0 shield (worn)
 g - a +0 plate armour (worn)
Scrolls
 d - a scroll of enchant weapon II {unknown}
 e - 4 scrolls of identify {unknown}
 j - 4 scrolls of remove curse {unknown}
 n - a scroll of blinking {unknown}
 o - a scroll of recharging {unknown}
 p - a scroll of teleportation {unknown}
 q - a scroll of enchant armour {unknown}
 r - a scroll of fog {unknown}
Jewellery
 l - a +6 ring of intelligence (left hand)
Potions
 h - a potion of curing {unknown}
 i - a potion of experience {unknown}
 k - a potion of heal wounds {unknown}
 m - a potion of resistance {unknown}
 s - a potion of lignification {unknown}


   Skills:
 * Level 4.5 Fighting
 + Level 3.3 Long Blades
 - Level 3.2 Armour
 - Level 3.0 Shields


You had 4 spell levels left.
You didn't know any spells.

Dungeon Overview and Level Annotations

Branches:
Dungeon (3/16)

Altars:
Ashenzari


Innate Abilities, Weirdness & Mutations

You are immune to all types of fire, even holy and hellish.
You are vulnerable to cold.
You need no food.
You have no legs.
You are immune to negative energy.


Message History

The orc priest calls down the wrath of Beogh upon you.
Something smites you!
* * * LOW HITPOINT WARNING * * *
You hit the orc priest.
The orc priest is severely wounded.
You block the orc priest's attack.
You hit the orc priest but do no damage.
The orc priest is severely wounded.
You block the orc priest's attack.
You feel very mighty all of a sudden.
It was a potion of might.
The orc priest's eyes start to glow.
You closely miss the orc priest.
The orc priest is severely wounded.
The orc priest hits you but does no damage.
You barely miss the orc priest.
The orc priest is severely wounded.
The orc priest invokes the aid of Beogh against you.
Pain shoots through your body!
You die...

#.# #.....# #...### ###...# #.#
####### #%....# ##### #.# #.....#
#.# #.....# #.# #....##### #.#
#.####...# ####### #%# #%# #...#
#...#.. #.# #####
#o####...####...#.. #.# ####...#
#.@).#.........)...
#.####......###.%%.#.####.....###
[......................[.........
#.###.......###.##...#......##.#.
....>.......##...#...#...###...#.
#.###...#...##...###.#...# #...#.
#.# #######%##...###.#######...##
#.# #....(...............## #.#
###........#.############


You could see an orc priest.

Vanquished Creatures
  An orc priest (D:2)
  5 adders (D:2)
  A giant mite (D:1)
  A worm (D:2)
  A giant gecko (D:3)
  2 oozes
  2 orcs (D:2)
  3 bats
  4 goblins
  4 hobgoblins (D:2)
  5 jackals (D:2)
  11 kobolds
  A ball python (D:1)
  3 giant cockroaches
  4 giant newts
  5 rats
53 creatures vanquished.

Notes
Turn   | Place    | Note
--------------------------------------------------------------
     0 | D:1      | Herrn, the Djinni Fighter, began the quest for the Orb.
     0 | D:1      | Reached XP level 1. HP: 16/16 MP: 0/0
   164 | D:1      | Reached XP level 2. EP: 23/23
   237 | D:1      | Found a shattered altar of Ashenzari.
   770 | D:2      | Reached XP level 3. EP: 30/30
   865 | D:2      | Reached skill level 4 in Fighting
   911 | D:2      | Reached XP level 4. EP: 12/37
  1633 | D:3      | Noticed an ogre
  1833 | D:2      | Reached XP level 5. EP: 16/43
  1844 | D:2      | Killed from afar by an orc priest

Action                   |  1- 3 |  4- 6 || total
-------------------------+-------+-------++-------
Melee: Falchion          |   127 |   110 ||   237
  Use: Potion            |       |     2 ||     2
